 Dungeon Crawl Stone Soup version 0.24-a0-307-gf989941 (webtiles) character file.

Game seed: 7711311279542670854

34 galech the Skirmisher (level 3, 22/29 HPs)
             Began as a Demonspawn Fighter on May 13, 2019.
             Quit the game on level 1 of the Dungeon.
             The game lasted 00:00:51 (508 turns).

galech the Skirmisher (Demonspawn Fighter)           Turns: 508, Time: 00:00:52

Health: 22/29      AC: 12    Str: 16    XL:     3   Next: 14%
Magic:  3/3        EV:  2    Int:  9    God:
Gold:   33         SH:  9    Dex: 13    Spells: 2/2 levels left

rFire    . . .     SeeInvis .   a - +0 war axe
rCold    . . .     Gourm    .   c - +0 shield
rNeg     . . .     Faith    +   h - +0 plate armour
rPois    .         Spirit   .   (no helmet)
rElec    .         Reflect  .   (no cloak)
rCorr    .         Harm     .   (no gloves)
MR       .....                  j - +0 pair of boots
Stlth    ..........             b - amulet of faith
HPRegen  0.09/turn              (no ring)
MPRegen  0.08/turn              (no ring)

@: no status effects
A: claws 1, hooves 1
a: no special abilities


You were on level 1 of the Dungeon.
You were not hungry.

You visited 1 branch of the dungeon, and saw 1 of its levels.

You collected 33 gold pieces.

Inventory:

Hand Weapons
 a - a +0 war axe (weapon)
Armour
 c - a +0 shield (worn)
 h - a +0 plate armour (worn)
 j - a +0 pair of boots (worn)
Jewellery
 b - an amulet of faith (around neck)
Scrolls
 e - a scroll of amnesia {unknown}
 k - a scroll of enchant armour {unknown}
 l - a scroll of noise {unknown}
 n - a scroll of remove curse {unknown}
Potions
 d - a potion of might
 g - a potion of curing {unknown}
 m - a potion of lignification {unknown}
Comestibles
 f - 3 rations
 i - 3 chunks of flesh


   Skills:
 + Level 3.3 Fighting
 + Level 2.4 Axes
 + Level 2.9 Armour
 + Level 3.1 Shields


You had 2 spell levels left.
You didn't know any spells.
Your spell library was empty.

Dungeon Overview and Level Annotations

Branches:
Dungeon (1/15)

Altars:


Innate Abilities, Weirdness & Mutations

You have sharp fingernails.
You have large cloven feet.


Message History

You completely miss the jackal.
The jackal bites you but does no damage. x3
You hit the jackal.
You kill the jackal!
You hit the jackal. You block the jackal's attack.
The jackal bites you but does no damage.
The jackal completely misses you.
Your plate armour prevents you from hitting the jackal.
The jackal is severely wounded.
You block the jackal's attack. x2
You miss the jackal.
The jackal is severely wounded.
The jackal bites you but does no damage.
You block the jackal's attack.
You slash the jackal!
You kill the jackal!
No target in view!
No target in view!
No target in view!
Are you sure you want to abandon this character and quit the game? (Confirm with "yes".)

.....###...# .....#
#...# ....+ .....# #####
...!# .....# #....#
.....# #########......
.....# #..............
'##### #.........?....
.# ####.......†......
)######..'......@)......
.....##.##..............
.....##.##..............
.....##.##.#############
.....##.##.#
.....##.##.#
....[##.##.# .....##.#
.# ........#


There were no monsters in sight!

Vanquished Creatures
  2 dart slugs (D:1)
  A leopard gecko (D:1)
  6 bats (D:1)
  2 hobgoblins (D:1)
  3 jackals (D:1)
  2 kobolds (D:1)
  A frilled lizard (D:1)
  7 goblins (D:1)
  2 rats (D:1)
26 creatures vanquished.

Notes
Turn   | Place    | Note
-------+----------+-------------------------------------------
     0 | D:1      | galech the Demonspawn Fighter began the quest for the Orb.
     0 | D:1      | Reached XP level 1. HP: 18/18 MP: 1/1
   313 | D:1      | Gained mutation: You have sharp fingernails. [demonic
                  | ancestry]
   313 | D:1      | Reached XP level 2. HP: 21/24 MP: 2/2
   496 | D:1      | Gained mutation: You have large cloven feet. [demonic
                  | ancestry]
   496 | D:1      | Reached XP level 3. HP: 26/29 MP: 3/3
   508 | D:1      | Quit the game

Levels and vault maps discovered:
D:1:      nzn_arrival_crosshair, layout_basic

Skill      XL: |  1  2 |
---------------+-------+-----
Shields        | 3 |  3.1
Axes           | 2 |  2.4
Fighting       | |  3.3
Armour         | |  2.9

Action                   || total
-------------------------++-------
Melee: War axe           ||    90
Armor: Plate armour      ||    89
Dodge: Dodged            ||    13
Block: Shield            ||    59

Table legend:
 A = Non-vault XP
 B = Vault XP
 C = Vault XP percentage of total XP
 D = Non-vault monster count
 E = Vault monster count
 F = Vault count percentage of total count
                 A         B        C        D         E       F
            +---------+---------+-------+---------+---------+-------
      Total |      49 |       0 |   0.0 |      26 |       0 |   0.0
            +---------+---------+-------+---------+---------+-------
        D:1 |      49 |       0 |   0.0 |      26 |       0 |   0.0
            +---------+---------+-------+---------+---------+-------
